 Dungeon Crawl Stone Soup version 0.30.1-4-g462c640d31 (webtiles) character file.

Game seed: 13771873878031277816

102 H0rd4k the Charlatan (level 4, -1/28 HPs)
             Began as an Octopode Artificer on Aug 17, 2023.
             Succumbed to an adder's poison
             ... on level 3 of the Dungeon.
             The game lasted 00:01:55 (1999 turns).

H0rd4k the Charlatan (Octopode Artificer)           Turns: 1999, Time: 00:01:55

Health: -1/28      AC:  1    Str: 11    XL:     4   Next: 78%
Magic:  4/4        EV: 13    Int: 15    God:
Gold:   211        SH:  0    Dex: 12    Spells: 3/3 levels left

rFire   . .          .
                       - Unarmed
rCold   . . .        (no shield)
rNeg    . . .        (helmet restricted)
rPois   .            (no amulet)
rElec   .            (no ring)
rCorr   .            (no ring)
SInv    .            (no ring)
Will    .....        (no ring)
Stlth   +++          (no ring)
HPRegen 0.24/turn    (no ring)
MPRegen 0.09/turn    (no ring)
                     (no ring)

%: no passive effects
@: lethally poisoned (-1 -> -7), attractive, invisible
A: almost no armour, amphibious, 8 rings, camouflage 1, gelatinous body 1,
(nimble swimmer 1), tentacles
a: no special abilities


You were on level 3 of the Dungeon.
You visited 1 branch of the dungeon, and saw 3 of its levels.

You collected 211 gold pieces.

Inventory:

Jewellery
 k - a ring of positive energy
 n - a ring of ice
Wands
 b - a wand of flame (8) (quivered)
 c - a wand of charming (12)
 d - a wand of iceblast (5)
Scrolls
 a - 4 scrolls of identify {unknown}
 f - a scroll of brand weapon {unknown}
 g - a scroll of amnesia {unknown}
 h - 3 scrolls of fear {unknown}
 i - 2 scrolls of vulnerability {unknown}
 j - a scroll of teleportation {unknown}
Potions
 m - a potion of flight {unknown}


   Skills:
 + Level 1.6 Fighting
 + Level 3.1 Dodging
 - Level 1.4 Stealth
 + Level 1.6 Unarmed Combat
 + Level 4.6 Evocations


You had 3 spell levels left.
You didn't know any spells.
Your spell library was empty.

Dungeon Overview and Level Annotations

Branches:
Dungeon (3/15)

Altars:


Innate Abilities, Weirdness & Mutations

You cannot wear most types of armour.
You are amphibious.
You can wear up to eight rings at the same time.
Your skin changes colour to match your surroundings (Stealth+).
Your rubbery body absorbs attacks. (AC +1, EV +1)
((You are camouflaged when in or above water. (Stealth+)))
You have tentacles for arms and can constrict up to eight enemies at once.


Message History

You are more poisoned.
The adder poisons you!
You tentacle-slap the adder. Your grab misses the adder.
Your squeeze misses the adder.
The adder is heavily wounded.
You feel very sick. The bat hits you but does no damage. The adder bites you.
You are lethally poisoned!
The adder poisons you! The bat barely misses you.
Aiming: Throw Flame
Press: ? - help, Shift-Dir - straight line, f - adder
Aim: an adder (heavily wounded, 57% to hit)
The puff of flame misses the adder.
* * * LOW HITPOINT WARNING * * *
You feel very sick. The bat misses you. The adder misses you.
Aiming: Throw Flame
Press: ? - help, Shift-Dir - straight line, f/p - adder
Aim: an adder (heavily wounded, 57% to hit)
The puff of flame hits the adder.
The adder is severely wounded.
* * * LOW HITPOINT WARNING * * *
You feel sick. The bat hits you but does no damage. The bat hits you.
* * * LOW HITPOINT WARNING * * *
The adder barely misses you. The bat barely misses you.
Aiming: Throw Flame
Press: ? - help, Shift-Dir - straight line, f/p - adder
Aim: an adder (severely wounded, 57% to hit)
The puff of flame hits the adder!
You kill the adder!
* * * LOW HITPOINT WARNING * * *
You feel very sick. The bat hits you but does no damage.
It was a potion of invisibility.
You fade into invisibility!
* * * LOW HITPOINT WARNING * * *
You feel sick. The bat closely misses you.
It was a potion of attraction.
You feel attractive to monsters.
You die...

# #.##
# ...#
# #..#
# #..#
######
#..#
.....#
#b.#
.....#
###..#
.....#
#..†.#
.....#
#.#@##
.....#
#.#.#
.....#
#.#.#
.....#
#.#.#
.....#
#.#.##
.....#
#....#
######
##.#.#
....##
#.#.#
###..#
#.#.#


You could see a bat.

Vanquished Creatures
  Jessica (D:3)
  3 adders
  3 orcs (D:3)
  3 endoplasms
  A giant cockroach (D:1)
  7 goblins
  6 hobgoblins
  3 jackals (D:1)
  6 kobolds
  A quokka (D:3)
  2 ball pythons (D:3)
  4 frilled lizards
  2 rats (D:1)
42 creatures vanquished.

Vanquished Creatures (others)
  2 quokkas (D:2)
2 creatures vanquished.

Grand Total: 44 creatures vanquished

Notes
Turn   | Place    | Note
-------+----------+-------------------------------------------
     0 | D:1      | H0rd4k the Octopode Artificer began the quest for the Orb.
     0 | D:1      | Reached XP level 1. HP: 13/13 MP: 1/1
   179 | D:1      | Reached XP level 2. HP: 12/18 MP: 2/2
   459 | D:1      | Found a faded altar of an unknown god.
   542 | D:1      | Reached skill level 4 in Evocations
  1020 | D:2      | Reached XP level 3. HP: 23/23 MP: 3/3
  1722 | D:3      | Noticed Jessica
  1723 | D:3      | Killed Jessica
  1724 | D:3      | Reached skill level 1 in Unarmed Combat
  1724 | D:3      | Reached XP level 4. HP: 28/28 MP: 4/4
  1997 | D:3      | HP: 1/28 [poisoned by an adder]
  1999 | D:3      | Succumbed to an adder's poison

Illustrated notes

Levels and vault maps discovered:
D:1:      heliophobic_arrival_ceremonial_halls, layout_loops_ring,
          serial_forest, infiniplex_forest_zigzag_2,
          infiniplex_forest_lined_room_, infiniplex_forest_lined_1,
          infiniplex_forest_lined_3_way, infiniplex_forest_straight_5,
          infiniplex_forest_end_2, infiniplex_forest_end_double,
          infiniplex_forest_lined_ring, shapermc_ecumenical_altar_gd
D:2:      layout_basic, serial_forest, infiniplex_forest_end_1,
          infiniplex_forest_clump_curved, infiniplex_forest_end_2,
          infiniplex_forest_clump_tiny, infiniplex_forest_straight_5,
          infiniplex_forest_clump_double, infiniplex_forest_fountain,
          infiniplex_forest_zigzag_1, minmay_hexomino_c4
D:3:      layout_basic, minitemple, guppyfry_early_orc_mine, uniq_jessica

Skill      XL: |  1  2  3 |
---------------+----------+-----
Evocations     | 4 |  4.6
Dodging        | 3 |  3.1
Unarmed Combat | 1 |  1.6
Fighting       | |  1.6
Stealth        | |  1.4

Action                     |  1- 3 |  4- 6 || total
---------------------------+-------+-------++-------
  Melee: Unarmed           |    68 |    31 ||    99
         Constrict         |    23 |     8 ||    31
         Tentacles         |    17 |     7 ||    24
         Punch             |     1 |     1 ||     2
  Evoke: Wand              |     7 |     3 ||    10
    Use: Potion            |     2 |     2 ||     4
   Stab: Sleeping          |     5 |       ||     5
         Distracted        |       |     1 ||     1
 Armour: Skin              |     2 |     5 ||     7
  Dodge: Dodged            |    22 |    24 ||    46
